 Dungeon Crawl Stone Soup version 0.28-b1-25-g9875b3fc8c (webtiles) character file.

Game seed: 12857295155046765710

319 pkoi the Shooter (level 6, -4/50 HPs)
             Began as a Minotaur Hunter on Feb 1, 2022.
             Slain by an iguana (9 damage)
             ... on level 5 of the Dungeon.
             The game lasted 00:03:36 (3741 turns).

pkoi the Shooter (Minotaur Hunter)                  Turns: 3741, Time: 00:03:37

Health: -4/50      AC:  4    Str: 16    XL:     6   Next: 21%
Magic:  5/5        EV: 12    Int:  8    God:
Gold:   227        SH:  0    Dex: 13    Spells: 5/5 levels left

rFire   + . .      SeeInvis +   a - +2 shortbow
rCold   . . .      Faith    .   (shield currently unavailable)
rNeg    . . .      Spirit   .   i - +0 leather armour {rF+}
rPois   .          Reflect  .   (helmet restricted)
rElec   .          Harm     .   (no cloak)
rCorr   .          Rampage  .   k - +0 pair of gloves
Will    +....                   (no boots)
Stlth   ++........              (no amulet)
HPRegen 0.16/turn               l - ring of willpower
MPRegen 0.09/turn               m - ring of see invisible

@: no status effects
A: horns 2, retaliatory headbutt
a: no special abilities


You were on level 5 of the Dungeon.
You visited 1 branch of the dungeon, and saw 5 of its levels.

You collected 227 gold pieces.

Inventory:

Hand Weapons
 a - a +2 shortbow (weapon)
 b - a +1 short sword of speed
 c - a +1 dagger of holy wrath
 e - a +0 short sword
Missiles
 d - 59 arrows (quivered ammo)
Armour
 i - a +0 leather armour of fire resistance (worn)
 k - a +0 pair of gloves (worn)
Jewellery
 l - a ring of willpower (left hand)
 m - a ring of see invisible (right hand)
Wands
 j - a wand of charming (5)
 o - a wand of acid (9)
Scrolls
 g - 2 scrolls of teleportation
 h - 3 scrolls of identify
Potions
 f - a potion of heal wounds
 n - a potion of lignification


   Skills:
 - Level 2.4 Fighting
 * Level 7.0 Bows
 - Level 2.1 Dodging
 + Level 3.0 Stealth
 + Level 1.6 Evocations


You had 5 spell levels left.
You didn't know any spells.
Your spell library contained the following spells:

 Spells                   Type           Power      Damage    Failure   Level
 Animate Skeleton         Necr           0%         N/A       47%         1
 Apportation              Tloc           0%         N/A       47%         1
 Beastly Appendage        Tmut           0%         N/A       47%         1
 Magic Dart               Conj           0%         1d3       47%         1
 Summon Small Mammal      Summ           0%         N/A       47%         1
 Call Imp                 Summ           0%         N/A       63%         2
 Wereblood                Tmut           0%         N/A       63%         2
 Conjure Flame            Conj/Fire      0%         6-21      85%         3
 Ignite Poison            Fire/Tmut/Pois 0%         N/A       85%         3
 Mephitic Cloud           Conj/Pois/Air  0%         N/A       85%         3
 Spider Form              Tmut/Pois      0%         N/A       85%         3
 Sticky Flame             Conj/Fire      0%         2d3       99%         4


Dungeon Overview and Level Annotations

Branches:
Dungeon (5/15)
 Temple: D:4-7

Altars:
Gozag
Wu Jian

Shops:
D:1 [


Innate Abilities, Weirdness & Mutations

You have a pair of horns on your head.
You reflexively headbutt those who attack you in melee.


Message History

The iguana is lightly wounded.
The orc hits you with a +0 short sword.
* * * LOW HITPOINT WARNING * * *
The orc wizard casts a spell.
The orc wizard flickers and vanishes for a moment.
Fire: 64 arrows
Press: ? - help, Q - select action, (/) - cycle Shift-Dir - straight line, f/p - orc
Aim: an orc, wielding a +0 short sword and wearing a +0 leather armour (lightly wounded, 64% to hit)
You shoot an arrow. The arrow hits the orc!
You kill the orc!
Fire: 63 arrows
Press: ? - help, Q - select action, (/) - cycle Shift-Dir - straight line, f - orc wizard
Aim: an orc wizard, wielding a +0 dagger of electrocution and wearing a +0 robe (slightly transparent, 58% to hit)
You shoot an arrow. The arrow hits the orc wizard!
The orc wizard is heavily wounded.
The orc wizard barely misses you.
Fire: 62 arrows
Press: ? - help, Q - select action, (/) - cycle Shift-Dir - straight line, f/p - orc wizard
Aim: an orc wizard, wielding a +0 dagger of electrocution and wearing a +0 robe (heavily wounded, slightly transparent, 58% to hit)
You shoot an arrow. The arrow hits the orc wizard!
You kill the orc wizard!
The iguana bites you but does no damage.
Your Bows skill increases to level 7!
Your Stealth skill increases to level 3!
Fire: 61 arrows
Press: ? - help, Q - select action, (/) - cycle Shift-Dir - straight line, f - iguana
Aim: an iguana (lightly wounded, 68% to hit)
You shoot an arrow. The arrow closely misses the iguana.
The arrow hits the orc.
The orc is severely wounded.
The iguana bites you!
* * * LOW HITPOINT WARNING * * *
Fire: 60 arrows
Press: ? - help, Q - select action, (/) - cycle Shift-Dir - straight line, f/p - iguana
Aim: an iguana (lightly wounded, 68% to hit)
You shoot an arrow.
The arrow hits the iguana but does no damage.
The iguana is lightly wounded.
The iguana bites you!
You die...

######## .
#.@lo(.#
....#.####.######
#(..(..^..(...#
#.#.##...()##.#
#.#. #...#([. #
#.......(##.#
#......#)# #
#.##..##ยง##.#
........<...#


You could see an iguana and an orc.

Vanquished Creatures
  A phantom (D:5)
  A water moccasin skeleton (D:4)
  An orc priest (D:5)
  A hound (D:4)
  2 orc wizards
  An adder skeleton (D:4)
  A worm (D:2)
  A dart slug (D:2)
  4 orcs
  7 ball pythons
  7 bats
  8 endoplasms
  3 giant cockroaches
  13 goblins
  7 hobgoblins
  2 jackals (D:1)
  4 quokkas
  6 kobolds
  4 rats
74 creatures vanquished.

Vanquished Creatures (collateral kills)
  An endoplasm (D:2)
  A goblin (D:2)
2 creatures vanquished.

Grand Total: 76 creatures vanquished

Notes
Turn   | Place    | Note
-------+----------+-------------------------------------------
     0 | D:1      | pkoi the Minotaur Hunter began the quest for the Orb.
     0 | D:1      | Reached XP level 1. HP: 18/18 MP: 0/0
   159 | D:1      | Reached skill level 1 in Stealth
   199 | D:1      | Reached XP level 2. HP: 12/25 MP: 1/1
   488 | D:1      | Reached skill level 5 in Bows
   837 | D:1      | Reached XP level 3. HP: 30/30 MP: 2/2
  1108 | D:1      | Found a faded altar of an unknown god.
  2265 | D:3      | Found an opulent altar of Gozag.
  2329 | D:3      | Reached XP level 4. HP: 35/37 MP: 3/3
  2630 | D:3      | Reached skill level 6 in Bows
  2700 | D:3      | Found an ornate altar of the Wu Jian Council.
  3310 | D:4      | Reached XP level 5. HP: 40/42 MP: 4/4
  3644 | D:4      | Reached skill level 1 in Evocations
  3717 | D:5      | Entered Level 5 of the Dungeon
  3721 | D:5      | Noticed a phantom
  3730 | D:5      | Killed a phantom
  3731 | D:5      | Reached XP level 6. HP: 17/50 MP: 5/5
  3740 | D:5      | Reached skill level 7 in Bows
  3741 | D:5      | Slain by an iguana

Illustrated notes

Levels and vault maps discovered:
D:1:      grunt_arrival_lava_bath, layout_loops_ring, serial_shops, shop,
          shapermc_ecumenical_altar_hornbeckon
D:2:      layout_basic, minmay_pentomino_o4
D:3:      layout_loops_ring, mainiacjoe_overflow_alcove_1,
          nicolae_gozag_seed_capital
D:4:      layout_cave_pools
D:5:      layout_loops_cross, grunt_temple_overflow_open,
          minmay_temple_entry_glass, kennysheep_generic_room_10

Skill      XL: |  1  2  3  4  5  6 |
---------------+-------------------+-----
Stealth        | 1 2 3 |  3.0
Bows           | 5 6 7 |  7.0
Evocations     | 1 |  1.6
Fighting       | |  2.4
Dodging        | |  2.1

Action                   |  1- 3 |  4- 6 || total
-------------------------+-------+-------++-------
Melee: Short sword       |    50 |    42 ||    92
       Dagger            |    79 |       ||    79
       Headbutt          |    15 |     6 ||    21
 Fire: Shortbow          |     2 |    31 ||    33
  Use: Scroll            |     5 |     4 ||     9
       Potion            |     1 |     4 ||     5
 Stab: Sleeping          |     1 |     1 ||     2
Armor: Leather armour    |    37 |    11 ||    48
Dodge: Dodged            |    70 |    29 ||    99
